cohdb
Replays
Latest Replays
All Replays
Popular Replays
Top Player Replays
Match Explorer
How It Works
Community
CoH3 Stats
Reddit
Sign in to upload your games and track your stats! →
Sign in with Steam
Match 40891329
Unlisted
Match 40891329
Overview
Messages
Build Orders
End
Selects Panzerjäger Kommand Battlegroup
Kradschützen Motorcycle Team
Selects Mine Fields
Panzergrenadier Squad
Panzergrenadier Squad
Construct Light Support Kompanie
250 Light Carrier
2.5-tonne Medical Truck
Panzerpioneer Squad
Selects Tank Busters
Panzerjäger Mechanized Group
Combat Half-tracks
Fire Support Elements
Construct Panzerarmee Kommand
Selects Defensive Positions
Veteran Squad Leaders
Panzergrenadier Squad
Panzer III L Medium Tank
Kradschützen Motorcycle Team
Vehicle Survival Package
Selects Crew Shock Tactics
Panzer III L Medium Tank
Selects Anti-tank Overwatch
Panzer III L Medium Tank
Panzerpioneer Squad
Emergency Repair Kits
Panzer III L Medium Tank
Kradschützen Motorcycle Team
Tungsten Core Ammunition
Flak 36 Anti-tank Gun Team
Selects Butterfly Bomb Drop
Panzerpioneer Squad
Flakvierling Half-track
Panzerpioneer Squad
Panzerpioneer Squad
Panzer III L Medium Tank
Panzerpioneer Squad
Panzer III L Medium Tank
MG34 Team
Flak 36 Anti-tank Gun Team
Assault Mechanized Group
盗号的你妈死了?
只愛❤毛妹
0
0
Comments
sign in to comment!
No comments posted yet!